 Dungeon Crawl Stone Soup version 0.27.1-3-gb3d3a73c9e (webtiles) character file.

Game seed: 9641948980796774673

684 hypoxyphilia the Grave Robber (level 7, -1/36 HPs)
             Began as a Vampire Necromancer on Oct 29, 2021.
             Slain by a water moccasin (4 damage)
             ... on level 5 of the Dungeon.
             The game lasted 01:24:12 (7493 turns).

hypoxyphilia the Grave Robber (Vampire Necromancer) Turns: 7493, Time: 01:24:13

Health: -1/36      AC:  3    Str:  7    XL:     7   Next: 35%
Magic:  0/13       EV: 12    Int: 20    God:
Gold:   264        SH:  0    Dex: 14    Spells: 0/14 levels left

rFire    . . .     SeeInvis +   w - +1 dagger (speed)
rCold    + + .     Faith    .   (no shield)
rNeg     + + +     Spirit   +   a - +0 robe
rPois    ∞         Reflect  .   (no helmet)
rElec    .         Harm     .   (no cloak)
rCorr    .         Rampage  .   (no gloves)
Will     +....                  o - +0 pair of boots
Stlth    +++++.....             k - amulet of guardian spirit
HPRegen  0.00/turn              r - ring of willpower
MPRegen  0.13/turn              (no ring)

@: bloodless, inhibited regen
A: bloodless, fangs 3, see invisible, vampiric 2
a: Bat Form, Revivify


You were on level 5 of the Dungeon.
You visited 1 branch of the dungeon, and saw 6 of its levels.

You collected 264 gold pieces.

Inventory:

Hand Weapons
 w - a +1 dagger of speed (weapon)
Missiles
 b - 13 poisoned darts (quivered)
 g - 6 curare-tipped darts
Armour
 a - a +0 robe (worn)
 o - a +0 pair of boots (worn)
Magical Staves
 p - a staff of conjuration
Jewellery
 d - a ring of resist corrosion
 k - an amulet of guardian spirit (around neck)
 m - an amulet of faith
 n - a ring of flight
 r - a ring of willpower (left hand)
Wands
 t - a wand of paralysis (7)
Scrolls
 e - a scroll of holy word {unknown}
 f - 2 scrolls of amnesia {unknown}
 j - 2 scrolls of identify {unknown}
 q - a scroll of vulnerability {unknown}
 s - 2 scrolls of noise {unknown}
Potions
 c - 2 potions of heal wounds {unknown}
 h - 2 potions of berserk rage {unknown}
 i - 3 potions of might {unknown}
 l - a potion of ambrosia {unknown}
 u - a potion of mutation {unknown}


   Skills:
 - Level 0.1 Short Blades
 - Level 0.1 Throwing
 - Level 2.2 Dodging
 + Level 6.2 Stealth
 + Level 4.1 Spellcasting
 * Level 7.9 Necromancy


You couldn't memorise any spells.
You knew the following spells:

 Your Spells              Type           Power      Damage    Failure   Level
a - Pain                  Necr           100%       1d9       1%          1
b - Animate Skeleton      Necr           70%        N/A       1%          1
c - Vampiric Draining     Necr           17%        2d8       1%          3
d - Animate Dead          Necr           17%        N/A       4%          4
e - Agony                 Necr           35%        N/A       14%         5

Your spell library contained the following spells:

 Spells                   Type           Power      Damage    Failure   Level
 Animate Armour           Summ/Erth      8%         N/A       77%         4
 Blade Hands              Tmut           2%         N/A       98%         5
 Iron Shot                Conj/Erth      2%         9d2       100%        6


Dungeon Overview and Level Annotations

Branches:
Dungeon (6/15)
 Temple: D:4-7

Altars:
Fedhas
Hepliaklqana
Wu Jian
Xom
Zin

Shops:
D:2 =

Portals:
Abyss: D:5

Annotations:
D:2 Jessica, Sigmund
D:4 Edmund, Grinder
D:5 2 transporters, exclusion: hornet, choppeddingle's ghost, amateur DrBe


Innate Abilities, Weirdness & Mutations

You do not regenerate when monsters are visible.
You are frail without blood (-20% HP).
You can heal yourself when you bite living creatures.
You are immune to poison.
You have razor-sharp teeth.
You have supernaturally acute eyesight. (SInv)
You are afflicted with vampirism and can become a bat while bloodless.


Message History

The orc is lightly wounded.
You hit the orc but do no damage.
The orc is lightly wounded.
The orc barely misses you.
You barely miss the orc.
The orc is lightly wounded.
The orc hits you but does no damage.
You closely miss the orc.
The orc is lightly wounded.
The orc hits you but does no damage.
Casting: Vampiric Draining (safe; 1% risk of failure)
Confirm with . or Enter, or press ? or * to list all spells.
Aiming: Vampiric Draining (safe; 1% risk of failure)
Press: ? - help, Shift-Dir - straight line, f - orc
Aim: an orc, wielding a +0 hand axe and wearing a +1 ring mail of cold resistance (lightly wounded)
You draw life force from the orc!
You kill the orc!
You feel life coursing into your body.
Items here: )) [ ††.
Okay, then.
Okay, then.
You start resting.
HP restored.
You start resting.
Magic restored.
Items here: )) [ ††.
There is a stone staircase leading down here.
You climb downwards.
The water moccasin bites you. The ogre hits you with a +0 giant club!
The water moccasin barely misses you.
There is a stone staircase leading up here.
The water moccasin bites you but does no damage.
The ogre hits you with a +0 giant club! The water moccasin bites you.
* * * LOW HITPOINT WARNING * * *
You climb upwards.
Level annotation: 2 transporters, exclusion: hornet, choppeddingle's ghost, amateur DrBe
There is a stone staircase leading down here.
The water moccasin bites you.
* * * LOW HITPOINT WARNING * * *
The water moccasin bites you.
You die...

######.......#.#.#.......#.#.####
# #########.#.#.......#.#..... #
#...........#.##...# #
###############........#.##.#.#
##........#.............##(##....
.#........#.........#.#..#.......
..........#.........#....#..#.#.#
##.......[.......O.>#########...#
##..............@S.......##......
##.........##.####.[.###....####.
##............#.##..##:##..##..##
##............#.###.#©# ##.# #...
##........>##.#)###"### ♣##..##.
# ###.##.............# ...##### #
#.................### ∩..##... #
#..##.#.##..........#..###....
####..##.#..#######'...#$..##..##


You could see a water moccasin and an ogre.

Vanquished Creatures
  An ogre (D:5)
  A gnoll sergeant (D:5)
  2 scorpions (D:5)
  A howler monkey (D:5)
  A jelly (D:5)
  2 bullfrog zombies (D:5)
  2 hounds (D:5)
  2 bullfrog skeletons (D:5)
  2 iguanas (D:5)
  An orc wizard (D:5)
  4 gnolls
  2 adders (D:4)
  2 dart slugs
  2 orcs (D:5)
  5 ball pythons
  9 bats
  5 endoplasms
  6 giant cockroaches
  A goblin (D:2)
  9 hobgoblins
  7 kobolds
  3 quokkas
  A frilled lizard (D:2)
  2 rats (D:1)
73 creatures vanquished.

Vanquished Creatures (collateral kills)
  A gnoll (D:5)
  An adder (D:3)
  A giant cockroach (D:1)
3 creatures vanquished.

Grand Total: 76 creatures vanquished

Notes
Turn   | Place    | Note
-------+----------+-------------------------------------------
     0 | D:1      | hypoxyphilia the Vampire Necromancer began the quest for
                  | the Orb.
     0 | D:1      | Reached XP level 1. HP: 13/13 MP: 3/3
    44 | D:1      | Learned a level 1 spell: Animate Skeleton
   362 | D:1      | Reached XP level 2. HP: 19/19 MP: 3/5
   792 | D:1      | Reached skill level 5 in Necromancy
  1763 | D:2      | Gained mutation: You are afflicted with vampirism and can
                  | become a bat while bloodless. [Vampire growth]
  1763 | D:2      | Reached XP level 3. HP: 23/24 MP: 4/6
  1780 | D:2      | Learned a level 3 spell: Vampiric Draining
  1864 | D:2      | Found a shimmering altar of Xom.
  2096 | D:2      | Noticed Sigmund
  2138 | D:2      | Found Wobbapa's Jewellery Shoppe.
  2642 | D:2      | Noticed Jessica
  3089 | D:3      | Found a faded altar of an unknown god.
  3129 | D:3      | Found a blossoming altar of Fedhas.
  3563 | D:4      | Reached XP level 4. HP: 24/24 MP: 0/7
  3672 | D:4      | Noticed Grinder
  4056 | D:4      | Found a hazy altar of Hepliaklqana.
  4115 | D:4      | Noticed Edmund
  4712 | D:5      | Entered Level 5 of the Dungeon
  4927 | D:5      | Noticed a gnoll sergeant
  5035 | D:5      | Reached skill level 6 in Necromancy
  5098 | D:4      | Reached XP level 5. HP: 28/28 MP: 2/9
  5664 | D:5      | Noticed a small abomination
  5705 | D:5      | Reached XP level 6. HP: 27/32 MP: 2/11
  5838 | D:5      | Reached skill level 5 in Stealth
  5843 | D:5      | Learned a level 4 spell: Animate Dead
  5893 | D:5      | Reached skill level 7 in Necromancy
  6053 | D:5      | Reached XP level 7. HP: 8/36 MP: 2/12
  6361 | D:5      | Found an ornate altar of the Wu Jian Council.
  6494 | D:5      | Noticed a hornet
  6732 | D:5      | Found a one-way gate to the infinite horrors of the Abyss.
  6732 | D:5      | Noticed choppeddingle's ghost (amateur DrBe)
  6745 | D:5      | Found a transporter.
  6761 | D:5      | Found a transporter.
  7007 | D:5      | Learned a level 5 spell: Agony
  7493 | D:5      | Slain by a water moccasin

Illustrated notes

Levels and vault maps discovered:
D:1:      lightli_arrival_farm, layout_basic
D:2:      layout_basic, serial_shops, shop, basic_altar,
          minmay_worlds_worst_comb, uniq_jessica, uniq_sigmund
D:3:      layout_rooms, fedhas_ov_isle_minmay,
          shapermc_ecumenical_altar_mp_urbaneastern
D:4:      layout_basic, nicolae_hepliaklqana_hippocampus,
          kennysheep_cross_bottleneck, uniq_edmund, uniq_grinder
D:5:      layout_basic, general_overflow_altar, lemuel_doored_altar,
          gammafunk_ghost_abyssal_escape, serial_co_window_serial,
          co_window_paths_b, co_window_of_opportunity_a,
          co_window_of_opportunity_a, co_window_paths_a, co_window_corner_a,
          co_window_corner_a, co_window_paths_b, co_window_broadway_a,
          co_window_corner_cb, co_window_broadway_b, co_window_of_opportunity_b,
          co_window_paths_d, glass_columns_a
D:6:      gammafunk_cloud_chamber, layout_loops_cross,
          minmay_temple_entry_junction_2, chequers_jeans

Skill      XL: |  1  2  3  4  5  6  7 |
---------------+----------------------+-----
Necromancy     | 5 6 7 |  7.9
Spellcasting   | 3 4 |  4.1
Stealth        | 4 5 6 |  6.2
Short Blades   | |  0.1
Throwing       | |  0.1
Dodging        | |  2.2

Action                   |  1- 3 |  4- 6 |  7- 9 || total
-------------------------+-------+-------+-------++-------
Melee: Mace              |     5 |       |       ||     5
       Short sword       |     2 |       |       ||     2
       Dagger            |     5 |    22 |    26 ||    53
       Bite              |       |     4 |     4 ||     8
Throw: Dart              |    12 |    18 |     1 ||    31
       Throwing net      |       |     1 |       ||     1
 Cast: Pain              |    67 |    27 |     1 ||    95
       Animate Skeleton  |    15 |     2 |       ||    17
       Vampiric Draining |     3 |     6 |     8 ||    17
       Animate Dead      |       |     3 |     1 ||     4
       Agony             |       |       |     2 ||     2
 Abil: End Transformatio |     1 |     1 |       ||     2
       Bat Form          |     1 |     1 |       ||     2
       Exsanguinate      |     1 |       |       ||     1
Evoke: Wand              |       |     8 |       ||     8
 Stab: Sleeping          |     3 |     3 |     1 ||     7
       Paralysed         |       |     7 |       ||     7
Armor: Robe              |     4 |     2 |     6 ||    12
Dodge: Dodged            |    13 |    11 |    18 ||    42
